TOP OF THE 1ST |
Highwood Hawks batting - Pitching for Myrtle Beach Seahawks : RHP Andy Brogan
|
Pitching: RHP Andy Brogan
|
|
Batting: RHB Owen Cannon
|
0-0: Foul Ball, location: 2F 0-1: Called Strike 0-2: Ball 1-2: Strikes out swinging
|
Batting: RHB James Hill
|
0-0: Ball 1-0: Ball 2-0: Ball 3-0: Called Strike 3-1: Base on Balls
|
Batting: LHB Jeff Simpson
|
0-0: Ball 1-0: Foul Ball, location: 2F 1-1: Swinging Strike 1-2: Foul Ball, location: 2F 1-2: Ball 2-2: Ball Passed Ball! James Hill to second 3-2: Foul Ball, location: 2F 3-2: Strikes out swinging
|
Batting: SHB Iikka Karpinen
|
0-0: Ball 1-0: Called Strike 1-1: Ball 2-1: Swinging Strike 2-2: Strikes out swinging
|
Top of the 1st over - 0 run(s), 0 hit(s), 0 error(s), 1 left on base; Highwood 0 - Myrtle Beach 0 |
BOTTOM OF THE 1ST |
Myrtle Beach Seahawks batting - Pitching for Highwood Hawks : RHP Pleun Davidse
|
Pitching: RHP Pleun Davidse
|
|
Batting: RHB Borja Berrios
|
0-0: Ball 1-0: Ball 2-0: SINGLE (Line Drive, 89M)
|
Batting: RHB Andy Llewellyn
|
0-0: Ball 1-0: Ball Wild Pitch! Borja Berrios to second 2-0: Ground out 5-3 (Groundball, 56)
|
Batting: RHB Aaron Dixon
|
0-0: Fly out, F8 (Flyball, 89M)
|
Batting: RHB Turner Buccigross
|
0-0: DOUBLE (Line Drive, 78D) Borja Berrios scores
|
Pinch Runner at 2nd Aquiles Morda:
|
|
Batting: RHB Reece Cockin
|
0-0: Called Strike 0-1: Ball 1-1: Ball 2-1: Foul Ball, location: 2F 2-2: Fly out, F9 (Flyball, 9S)
|
Bottom of the 1st over - 1 run(s), 2 hit(s), 0 error(s), 1 left on base; Highwood 0 - Myrtle Beach 1 |
TOP OF THE 2ND |
Highwood Hawks batting - Pitching for Myrtle Beach Seahawks : RHP Andy Brogan
|
Now in CF: Aquiles Morda
|
|
Batting: RHB Lane McCool
|
0-0: Swinging Strike 0-1: Ball 1-1: Ball 2-1: Foul Ball, location: 2F 2-2: Strikes out looking
|
Batting: RHB Félix Vaca
|
0-0: Ball 1-0: Ball 2-0: Swinging Strike 2-1: Called Strike 2-2: Foul Ball, location: 2F 2-2: Foul Ball, location: 2F 2-2: Fly out, F9 (Flyball, 9LSF)
|
Batting: RHB Ray Covalt
|
0-0: Fly out, F8 (Flyball, 8LS)
|
Top of the 2nd over - 0 run(s), 0 hit(s), 0 error(s), 0 left on base; Highwood 0 - Myrtle Beach 1 |
BOTTOM OF THE 2ND |
Myrtle Beach Seahawks batting - Pitching for Highwood Hawks : RHP Pleun Davidse
|
Batting: RHB Jim Brooks
|
0-0: Ground out 5-3 (Groundball, 5L)
|
Batting: SHB Kurt Kibby
|
0-0: Ball 1-0: Ground out 4-3 (Groundball, 34D)
|
Batting: RHB Gérard Chesnutt
|
0-0: Ball 1-0: Ball 2-0: Ball 3-0: Base on Balls
|
Batting: SHB Álex Castillo
|
0-0: Ball 1-0: Ball 2-0: Foul Ball, location: 2F 2-1: Ball 3-1: Foul Ball, location: 2F 3-2: Base on Balls Gérard Chesnutt to second
|
Batting: RHB Borja Berrios
|
0-0: Ball 1-0: Foul Ball, location: 2F 1-1: Foul Ball, location: 2F 1-2: Strikes out swinging
|
Bottom of the 2nd over - 0 run(s), 0 hit(s), 0 error(s), 2 left on base; Highwood 0 - Myrtle Beach 1 |
TOP OF THE 3RD |
Highwood Hawks batting - Pitching for Myrtle Beach Seahawks : RHP Andy Brogan
|
Batting: RHB Johnny Henshaw-Jacobs
|
0-0: SINGLE (Flyball, 9LS)
|
Batting: LHB Carlos Medellín
|
0-0: Ball 1-0: Foul Ball, location: 2F 1-1: Foul Ball, location: 2F 1-2: Strikes out swinging
|
Batting: RHB Owen Cannon
|
0-0: Foul Ball, location: 2F 0-1: Called Strike 0-2: Strikes out swinging
|
Batting: RHB James Hill
|
0-0: Ground out 5-3 (Groundball, 56)
|
Top of the 3rd over - 0 run(s), 1 hit(s), 0 error(s), 1 left on base; Highwood 0 - Myrtle Beach 1 |
BOTTOM OF THE 3RD |
Myrtle Beach Seahawks batting - Pitching for Highwood Hawks : RHP Pleun Davidse
|
Batting: RHB Andy Llewellyn
|
0-0: Foul Ball, location: 2F 0-1: Ball 1-1: Ball 2-1: Ball 3-1: Base on Balls
|
Batting: RHB Aaron Dixon
|
0-0: Called Strike Andy Llewellyn is caught stealing 2nd base 0-1: Ball 1-1: DOUBLE (Line Drive, 7LD)
|
Batting: RHB Aquiles Morda
|
0-0: Called Strike 0-1: Fly out, F4 (Popup, 4D)
|
Batting: RHB Reece Cockin
|
0-0: Swinging Strike 0-1: Foul Ball, location: 2F 0-2: Ball 1-2: Fly out, F9 (Flyball, 9LSF)
|
Bottom of the 3rd over - 0 run(s), 1 hit(s), 0 error(s), 1 left on base; Highwood 0 - Myrtle Beach 1 |
TOP OF THE 4TH |
Highwood Hawks batting - Pitching for Myrtle Beach Seahawks : RHP Andy Brogan
|
Batting: LHB Jeff Simpson
|
0-0: Called Strike 0-1: Ball 1-1: Ball 2-1: Ball 3-1: Base on Balls
|
Batting: SHB Iikka Karpinen
|
0-0: Ball 1-0: Called Strike 1-1: Ball 2-1: Ball 3-1: Fly out, F8 (Flyball, 8LM)
|
Batting: RHB Lane McCool
|
0-0: Called Strike 0-1: SINGLE (Groundball, 4MD) Jeff Simpson to second
|
Batting: RHB Félix Vaca
|
0-0: Foul Ball, location: 2F 0-1: Foul Ball, location: 2F 0-2: Foul Ball, location: 2F 0-2: Ball 1-2: Strikes out swinging
|
Batting: RHB Ray Covalt
|
0-0: Swinging Strike 0-1: Fly out, F9 (Flyball, 89M)
|
Top of the 4th over - 0 run(s), 1 hit(s), 0 error(s), 2 left on base; Highwood 0 - Myrtle Beach 1 |
BOTTOM OF THE 4TH |
Myrtle Beach Seahawks batting - Pitching for Highwood Hawks : RHP Pleun Davidse
|
Batting: RHB Jim Brooks
|
0-0: Called Strike 0-1: DOUBLE (Line Drive, 8LM)
|
Batting: SHB Kurt Kibby
|
0-0: Swinging Strike 0-1: Swinging Strike 0-2: Foul Ball, location: 2F 0-2: Ball 1-2: Strikes out swinging
|
Batting: RHB Gérard Chesnutt
|
0-0: Ball 1-0: Ball 2-0: Ball 3-0: Base on Balls
|
Batting: SHB Álex Castillo
|
0-0: Ball 1-0: Called Strike 1-1: Ball 2-1: Ball 3-1: Called Strike 3-2: Foul Ball, location: 2F 3-2: Foul Ball, location: 2F 3-2: Foul Ball, location: 2F 3-2: Foul Ball, location: 2F 3-2: Fly out, F7 (Flyball, 7LM)
|
Batting: RHB Borja Berrios
|
0-0: Foul Ball, location: 2F 0-1: Fly out, F6 (Flyball, 56D)
|
Bottom of the 4th over - 0 run(s), 1 hit(s), 0 error(s), 2 left on base; Highwood 0 - Myrtle Beach 1 |
TOP OF THE 5TH |
Highwood Hawks batting - Pitching for Myrtle Beach Seahawks : RHP Andy Brogan
|
Batting: RHB Johnny Henshaw-Jacobs
|
0-0: Foul Ball, location: 2F 0-1: Ground out 5-3 (Groundball, 56)
|
Batting: LHB Carlos Medellín
|
0-0: Ball 1-0: Ball 2-0: Called Strike 2-1: Called Strike 2-2: Ball 3-2: Foul Ball, location: 2F 3-2: Base on Balls
|
Batting: RHB Owen Cannon
|
0-0: Called Strike 0-1: Foul Ball, location: 2F 0-2: Ball 1-2: Strikes out swinging
|
Batting: RHB James Hill
|
0-0: Ball 1-0: Called Strike 1-1: Called Strike 1-2: Foul Ball, location: 2F 1-2: Fly out, F9 (Flyball, 89M)
|
Top of the 5th over - 0 run(s), 0 hit(s), 0 error(s), 1 left on base; Highwood 0 - Myrtle Beach 1 |
BOTTOM OF THE 5TH |
Myrtle Beach Seahawks batting - Pitching for Highwood Hawks : RHP Pleun Davidse
|
Batting: RHB Andy Llewellyn
|
0-0: Ball 1-0: Ball 2-0: Fly out, F7 (Flyball, 7)
|
Batting: RHB Aaron Dixon
|
0-0: Called Strike 0-1: Ball 1-1: Ball 2-1: Foul Ball, location: 2F 2-2: Ball 3-2: Base on Balls
|
Batting: RHB Aquiles Morda
|
0-0: Called Strike 0-1: Foul Ball, location: 2F 0-2: Strikes out looking
|
Batting: RHB Reece Cockin
|
0-0: Called Strike 0-1: Ball 1-1: Swinging Strike 1-2: Fielders Choice at 2nd, 4-6 (Groundball, 4)
|
Bottom of the 5th over - 0 run(s), 0 hit(s), 0 error(s), 0 left on base; Highwood 0 - Myrtle Beach 1 |
TOP OF THE 6TH |
Highwood Hawks batting - Pitching for Myrtle Beach Seahawks : RHP Andy Brogan
|
Batting: LHB Jeff Simpson
|
0-0: Ball 1-0: Swinging Strike 1-1: Ball 2-1: Foul Ball, location: 2F 2-2: Foul Ball, location: 2F 2-2: Strikes out swinging
|
Pitching: RHP Greyfriars Bobby
|
|
Batting: SHB Iikka Karpinen
|
0-0: Called Strike 0-1: Ball 1-1: Ball 2-1: Ball 3-1: Base on Balls
|
Batting: RHB Lane McCool
|
0-0: Ball 1-0: Fly out, F7 (Flyball, 78S)
|
Batting: RHB Félix Vaca
|
0-0: Ball 1-0: Swinging Strike 1-1: SINGLE (Line Drive, 89S) Iikka Karpinen to second Runner from 2nd tries for 3rd, SAFE, no throw
|
Batting: RHB Ray Covalt
|
0-0: Ball 1-0: Called Strike 1-1: Ball 2-1: Foul Ball, location: 2F 2-2: Foul Ball, location: 2F 2-2: Strikes out swinging
|
Top of the 6th over - 0 run(s), 1 hit(s), 0 error(s), 2 left on base; Highwood 0 - Myrtle Beach 1 |
BOTTOM OF THE 6TH |
Myrtle Beach Seahawks batting - Pitching for Highwood Hawks : RHP Pleun Davidse
|
Batting: RHB Jim Brooks
|
0-0: Swinging Strike 0-1: Swinging Strike 0-2: Strikes out swinging
|
Batting: SHB Kurt Kibby
|
0-0: Called Strike 0-1: Ball 1-1: Called Strike 1-2: Ball 2-2: Fly out, F8 (Line Drive, 8RM)
|
Batting: RHB Gérard Chesnutt
|
0-0: Foul Ball, location: 2F 0-1: Ball 1-1: Fly out, F4 (Line Drive, 4)
|
Bottom of the 6th over - 0 run(s), 0 hit(s), 0 error(s), 0 left on base; Highwood 0 - Myrtle Beach 1 |
TOP OF THE 7TH |
Highwood Hawks batting - Pitching for Myrtle Beach Seahawks : RHP Greyfriars Bobby
|
Batting: RHB Johnny Henshaw-Jacobs
|
0-0: Ball 1-0: Ball 2-0: Ground out 5-3 (Groundball, 56S)
|
Batting: LHB Carlos Medellín
|
0-0: Ball 1-0: Ground out 4-3 (Groundball, 4)
|
Batting: RHB Owen Cannon
|
0-0: Called Strike 0-1: Called Strike 0-2: Ball 1-2: Foul Ball, location: 2F 1-2: Foul Ball, location: 2F 1-2: Ball 2-2: SINGLE (Line Drive, 8RS)
|
Batting: RHB James Hill
|
0-0: Ball 1-0: Ball 2-0: Called Strike 2-1: Foul Ball, location: 2F 2-2: SINGLE (Line Drive, 8RM) Owen Cannon to second
|
Batting: LHB Jeff Simpson
|
0-0: Swinging Strike 0-1: Ball 1-1: SINGLE (Groundball, 34D) Owen Cannon to third James Hill to second Runner from 3rd tries for Home, SAFE, no throw
|
Pinch Hitting: LHB Jaime Aguilar
|
0-0: Called Strike 0-1: Ball 1-1: Called Strike 1-2: Strikes out looking
|
Top of the 7th over - 1 run(s), 3 hit(s), 0 error(s), 2 left on base; Highwood 1 - Myrtle Beach 1 |
BOTTOM OF THE 7TH |
Myrtle Beach Seahawks batting - Pitching for Highwood Hawks : RHP Pleun Davidse
|
Now in LF: Jaime Aguilar
|
|
Batting: SHB Álex Castillo
|
0-0: Foul Ball, location: 2F 0-1: Foul Ball, location: 2F 0-2: Ball 1-2: Ball 2-2: Ground out 4-3 (Groundball, 4)
|
Pinch Hitting: LHB Jim Unknown
|
0-0: Ball 1-0: Ground out U3 (Groundball, 34)
|
Batting: RHB Andy Llewellyn
|
0-0: Called Strike 0-1: Swinging Strike 0-2: Ball 1-2: Foul Ball, location: 2F 1-2: Ball 2-2: Ball 3-2: Strikes out swinging
|
Bottom of the 7th over - 0 run(s), 0 hit(s), 0 error(s), 0 left on base; Highwood 1 - Myrtle Beach 1 |
TOP OF THE 8TH |
Highwood Hawks batting - Pitching for Myrtle Beach Seahawks : RHP Greyfriars Bobby
|
Now in LF: Jim Unknown
|
|
Pinch Hitting: RHB Gerardo Espinoza
|
0-0: Ball 1-0: Ball 2-0: Called Strike 2-1: Foul Ball, location: 2F 2-2: Ball 3-2: Ground out 5-3 (Groundball, 56)
|
Pinch Hitting: RHB Stephen McManus
|
0-0: Ball 1-0: Foul Ball, location: 2F 1-1: Called Strike 1-2: Ground out 6-3 (Groundball, 6)
|
Batting: RHB Ray Covalt
|
0-0: Called Strike 0-1: Called Strike 0-2: Ball 1-2: Ground out 5-3 (Groundball, 5)
|
Top of the 8th over - 0 run(s), 0 hit(s), 0 error(s), 0 left on base; Highwood 1 - Myrtle Beach 1 |
BOTTOM OF THE 8TH |
Myrtle Beach Seahawks batting - Pitching for Highwood Hawks : RHP Pleun Davidse
|
Pitching: RHP Robert Vodchak
|
|
Now at 2B: Stephen McManus
|
|
Now at 3B: José Sánchez
|
|
Batting: RHB Aaron Dixon
|
0-0: Called Strike 0-1: Ball 1-1: Ball 2-1: Ball 3-1: Base on Balls
|
Batting: RHB Aquiles Morda
|
0-0: Foul Ball, location: 2F 0-1: Grounds into double play, 6-4-3 (Groundball, 6)
|
Pinch Hitting: RHB Alejandro Santiago
|
0-0: Ball 1-0: Ball 2-0: Foul Ball, location: 2F 2-1: Ball 3-1: Foul Ball, location: 2F 3-2: Foul Ball, location: 2F 3-2: Foul Ball, location: 2F 3-2: Foul Ball, location: 2F 3-2: Base on Balls
|
Pinch Hitting: LHB Félix Boscocuro
|
0-0: Ball 1-0: Called Strike 1-1: Ball 2-1: Foul Ball, location: 2F 2-2: Foul Ball, location: 2F 2-2: Foul Ball, location: 2F 2-2: Fielders Choice at 2nd, 4-6 (Groundball, 34)
|
Bottom of the 8th over - 0 run(s), 0 hit(s), 0 error(s), 0 left on base; Highwood 1 - Myrtle Beach 1 |
TOP OF THE 9TH |
Highwood Hawks batting - Pitching for Myrtle Beach Seahawks : RHP Greyfriars Bobby
|
Pitching: LHP Carlos González
|
|
Now at 2B: Jim Unknown
|
|
Now at SS: Juan Mendoza
|
|
Batting: RHB Johnny Henshaw-Jacobs
|
0-0: Ball 1-0: Foul Ball, location: 2F 1-1: Called Strike 1-2: Strikes out swinging
|
Pinch Hitting: RHB Luis Estrada
|
0-0: Ball 1-0: Foul Ball, location: 2F 1-1: Fly out, F7 (Flyball, 7)
|
Batting: RHB Owen Cannon
|
0-0: Ball 1-0: SINGLE (Line Drive, 6MD)
|
Batting: RHB James Hill
|
0-0: Ball 1-0: DOUBLE (Line Drive, 9LS) Owen Cannon to third Runner from 3rd tries for Home, SAFE, no throw
|
Batting: LHB Jeff Simpson
|
0-0: Foul Ball, location: 2F 0-1: Foul Ball, location: 2F 0-2: Foul Ball, location: 2F 0-2: Strikes out swinging
|
Top of the 9th over - 1 run(s), 2 hit(s), 0 error(s), 1 left on base; Highwood 2 - Myrtle Beach 1 |
BOTTOM OF THE 9TH |
Myrtle Beach Seahawks batting - Pitching for Highwood Hawks : RHP Robert Vodchak
|
Pitching: RHP José Barquero
|
|
Now at 1B: Ricardo Rivera
|
|
Now in LF: Tevin McTevin
|
|
Batting: SHB Kurt Kibby
|
0-0: Swinging Strike 0-1: Ball 1-1: Ball 2-1: Foul Ball, location: 2F 2-2: Ball 3-2: Foul Ball, location: 2F 3-2: Base on Balls
|
Batting: RHB Gérard Chesnutt
|
0-0: Called Strike 0-1: Ball 1-1: Called Strike 1-2: Foul Ball, location: 2F 1-2: Strikes out looking
|
Batting: SHB Álex Castillo
|
0-0: Foul Ball, location: 2F 0-1: Fly out, F7 (Flyball, 7LS)
|
Batting: LHB Jim Unknown
|
0-0: Called Strike 0-1: Ground out 5-3 (Groundball, 56S)
|
Bottom of the 9th over - 0 run(s), 0 hit(s), 0 error(s), 1 left on base; Highwood 2 - Myrtle Beach 1 |
|